 Dungeon Crawl Stone Soup version 0.25-a0-663-gace7076f2c (webtiles) character file.

Game seed: 8341730786493467640, levelgen mode: deterministic

4668 Eurus the Destroyer (level 10, -5/74 HPs)
             Began as a Mummy Conjurer on Mar 25, 2020.
             Was a Follower of Ashenzari.
             Slain by a catoblepas (28 damage)
             ... on level 9 of the Dungeon.
             The game lasted 00:27:10 (9911 turns).

Eurus the Destroyer (Mummy Conjurer)                Turns: 9911, Time: 00:27:10

Health: -5/74      AC: 11    Str:  8    XL:     10   Next: 20%
Magic:  22/31      EV: 12    Int: 18    God:    Ashenzari [*.....]
Gold:   562        SH:  0    Dex: 16    Spells: 19/26 levels left

rFire    . . .     SeeInvis .   x - +6 flail of Blood {vorpal, rF+ Str-4 Dex+4}
rCold    + . .     Gourm    .   (no shield)
rNeg     + + +     Faith    .   n - +1 leather armour
rPois    ∞         Spirit   .   i - +2 hat
rElec    .         Reflect  .   r - +2 cloak
rCorr    .         Harm     .   (no gloves)
MR       +....                  t - +0 pair of boots
Stlth    ++........             c - amulet of regeneration
HPRegen  0.62/turn              f - +3 ring of slaying
MPRegen  0.22/turn              u - ring of magical power

@: no status effects
A: no food or potions, fire vulnerability, cold resistance 1, negative energy
resistance 3, torment resistance, unbreathing
a: Curse Item, Scrying, Renounce Religion


You were on level 9 of the Dungeon.
You worshipped Ashenzari.
Ashenzari was aware of your devotion.
You were not hungry.

You visited 2 branches of the dungeon, and saw 10 of its levels.
You also visited: Bailey.

You collected 562 gold pieces.

Inventory:

Hand Weapons
 x - the +6 flail of Blood (weapon) {vorpal, rF+ Str-4 Dex+4}
   (You found it on level 9 of the Dungeon)

   It inflicts extra damage upon your enemies.
   It affects your strength (-4).
   It affects your dexterity (+4).
   It protects you from fire.
Armour
 i - a +2 hat (worn)
 n - a +1 leather armour (worn)
 q - the +3 ring mail of Kindness {Dex+3}
   (You found it on level 6 of the Dungeon)

   It affects your dexterity (+3).
 r - a +2 cloak (worn)
 t - a +0 pair of boots (worn)
Jewellery
 c - an amulet of regeneration (around neck)
 f - a +3 ring of slaying (left hand)
 u - a ring of magical power (right hand)
Wands
 d - a wand of random effects (18)
 g - a wand of disintegration (11)
 m - a wand of digging (14)
 o - a wand of iceblast (20)
 w - a wand of clouds (8)
Scrolls
 a - 2 scrolls of blinking
 b - a scroll of magic mapping
 e - 9 scrolls of identify
 h - 2 scrolls of teleportation
 j - 3 scrolls of remove curse
 k - 2 scrolls of amnesia
 l - 2 scrolls of fear
 s - a scroll of fog
 v - a scroll of acquirement {unknown}


   Skills:
 - Level 5.0 Fighting
 + Level 5.0 Armour
 - Level 1.5 Dodging
 - Level 1.5 Stealth
 + Level 8.7 Spellcasting
 * Level 8.9 Conjurations
 + Level 3.1 Translocations


You had 19 spell levels left.
You knew the following spells:

 Your Spells              Type           Power        Failure   Level  Hunger
a - Magic Dart            Conj           ####         1%          1    N/A
b - Searing Ray           Conj           #####.       1%          2    N/A
c - Iskenderun's Mystic   Conj/Tloc      ####....     11%         4    N/A

Your spell library contained the following spells:

 Spells                   Type           Power        Failure   Level  Hunger
 Foxfire                  Conj/Fire      ###.         1%          1    N/A
 Conjure Flame            Conj/Fire      ###.....     6%          3    N/A
 Dazzling Flash           Conj/Hex       ###...       6%          3    N/A
 Gell's Gravitas          Tloc           ###.......   11%         3    N/A
 Fulminant Prism          Conj/Hex       ###.......   19%         4    N/A
 Sticky Flame             Conj/Fire      ###.....     19%         4    N/A
 Recall                   Summ/Tloc      N/A          21%         3    N/A
 Confusing Touch          Hex            #.......     36%         3    N/A
 Inner Flame              Hex/Fire       #.......     36%         3    N/A
 Fireball                 Conj/Fire      ###.......   47%         5    N/A
 Petrify                  Tmut/Erth      #.......     77%         4    N/A
 Summon Forest            Summ/Tloc      ##........   88%         5    N/A
 Aura of Abjuration       Summ           #.........   98%         5    N/A
 Metabolic Englaciation   Hex/Ice        #.........   98%         5    N/A
 Summon Demon             Summ           #.........   98%         5    N/A
 Summon Mana Viper        Hex/Summ       #.......     98%         5    N/A
 Yara's Violent Unravell  Hex/Tmut       #.........   98%         5    N/A
 Shadow Creatures         Summ           N/A          100%        6    N/A

Dungeon Overview and Level Annotations

Branches:
Dungeon (9/15)             Temple (1/1) D:7            Lair (0/6) D:9
 Bailey (visited)
    Orc: D:9-12

Altars:
Ashenzari
Elyvilon
Qazlal
Sif Muna
Uskayaw
Yredelemnul
The Shining One

Shops:
D:5 *   D:6 [   D:8 ([(

Annotations:
D:5 Grinder


Innate Abilities, Weirdness & Mutations

You do not eat or drink.
Your flesh is vulnerable to fire.
You are immune to poison.
Your flesh is cold resistant. (rC+)
You are immune to negative energy. (rN+++)
You are immune to unholy pain and torment.
You can survive without breathing.


Message History

The searing ray hits the catoblepas but does no damage.
The catoblepas is heavily wounded.
The catoblepas breathes a plume of calcifying dust at you.
The blast of calcifying dust hits you but does no damage.
The catoblepas gores you.
Casting: Searing Ray (safe; 1% risk of failure)
Confirm with . or Enter, or press ? or * to list all spells.
Aiming: Searing Ray (safe; 1% risk of failure)
Press: ? - help, Shift-Dir - straight line, f/p - catoblepas
Aim: a catoblepas (heavily wounded)
The searing ray hits the catoblepas.
The catoblepas is heavily wounded. (Press . to maintain the ray.)
The catoblepas gores you!!
* * * LOW HITPOINT WARNING * * *
The searing ray hits the catoblepas.
The catoblepas is heavily wounded.
The catoblepas roars fiercely, eyes lowered.
The catoblepas gores you!!
You die...

....# #...# #Y#
...§###...############.#
.†.............§.....#.#
.##Y...........§.....#.#
.##............§.....#.#
.##............§.....#.#
.##.§..........§.....#.#
..+............§.....'>#
.##............Y@....###
.....................#
...............#######
...............#
.......#......##
.......#......#
...$...#......# .
#...... .


You could see a catoblepas.

Vanquished Creatures
  Harold (D:8)
  Joseph (D:7)
  A hornet (D:9)
  2 hippogriffs
  A yak (D:9)
  A hungry ghost (D:6)
  Menkaure (D:6)
  A black bear (D:8)
  An orc warrior (D:8)
  3 ice beasts
  A phantom (D:4)
  2 ogres (D:7)
  2 centaurs (D:5)
  4 bullfrogs
  A wyvern skeleton (D:8)
  2 scorpions
  5 killer bees (D:6)
  A centaur zombie (D:5)
  5 crimson imps
  3 jellies
  2 bullfrog skeletons
  6 hounds
  An iron imp (D:8)
  2 centaur skeletons (D:5)
  4 iguanas
  An orc wizard (D:3)
  3 worker ants
  A worker ant zombie (D:5)
  18 gnolls
  7 adders
  2 oozes
  An adder skeleton (D:4)
  3 worms
  A dart slug (D:3)
  3 leopard geckos
  14 orcs
  11 bats
  4 giant cockroaches
  10 goblins
  16 hobgoblins
  6 jackals
  4 quokkas
  7 frilled lizards
  5 hobgoblin zombies (D:8)
  15 kobolds
  2 kobold zombies (D:8)
  A leopard gecko zombie (D:5)
  An orc zombie (D:8)
  A quokka skeleton (D:7)
  A quokka zombie (D:7)
  6 rats
198 creatures vanquished.

Notes
Turn   | Place    | Note
-------+----------+-------------------------------------------
     0 | D:1      | Eurus the Mummy Conjurer began the quest for the Orb.
     0 | D:1      | Reached XP level 1. HP: 13/13 MP: 4/4
   323 | D:1      | Reached XP level 2. HP: 14/19 MP: 4/6
   327 | D:1      | Learned a level 2 spell: Searing Ray
  1093 | D:2      | Reached XP level 3. HP: 24/24 MP: 3/7
  2084 | D:3      | Reached XP level 4. HP: 30/30 MP: 5/9
  2743 | D:3      | Found a shimmering blue altar of Sif Muna.
  2747 | D:3      | Found a stormy altar of Qazlal.
  2751 | D:3      | Found a shattered altar of Ashenzari.
  2757 | D:3      | Became a worshipper of Ashenzari the Shackled
  2765 | D:3      | Found a hide-covered altar of Uskayaw.
  2923 | D:3      | Found a white marble altar of Elyvilon.
  2973 | D:3      | Found a basalt altar of Yredelemnul.
  3076 | D:4      | Reached XP level 5. HP: 22/35 MP: 2/11
  3592 | D:4      | Learned a level 4 spell: Iskenderun's Mystic Blast
  3650 | D:4      | Noticed a phantom
  3657 | D:4      | Killed a phantom
  3657 | D:4      | Reached skill level 1 in Fighting
  3657 | D:4      | Reached skill level 5 in Conjurations
  3657 | D:4      | Reached XP level 6. HP: 12/43 MP: 3/13
  4136 | D:5      | Entered Level 5 of the Dungeon
  4153 | D:5      | Reached skill level 1 in Armour
  4389 | D:5      | Reached skill level 5 in Spellcasting
  4468 | D:5      | Reached XP level 7. HP: 26/50 MP: 1/14
  4630 | D:5      | Found Piteifiv's General Store.
  5200 | D:5      | Noticed Grinder
  5759 | D:6      | Reached * piety under Ashenzari
  5947 | D:6      | Got the uncursed ring mail of Kindness {Dex+3}
  6086 | D:6      | Found Timalyta's Armour Shop.
  6238 | D:6      | Noticed Menkaure
  6243 | D:6      | Killed Menkaure
  6243 | D:6      | Reached XP level 8. HP: 26/58 MP: 12/17
  6402 | D:7      | Noticed Joseph
  6490 | D:7      | Noticed a hippogriff
  6553 | D:7      | Killed a hippogriff
  6617 | D:7      | Found a flagged portal.
  6637 | Bailey   | Entered a bailey
  6810 | Bailey   | Noticed an orc knight
  7612 | D:7      | Reached XP level 9. HP: 55/66 MP: 19/19
  7726 | D:7      | Killed Joseph
  7811 | D:7      | Found a staircase to the Ecumenical Temple.
  7822 | Temple   | Entered the Ecumenical Temple
  7939 | D:7      | Reached skill level 1 in Translocations
  8628 | D:8      | Noticed Harold
  8652 | D:8      | Found Vouhyugi's Antique Armour Shoppe.
  8654 | D:8      | Found Ythiwa's Weapon Emporium.
  8683 | D:8      | Reached skill level 5 in Fighting
  8743 | D:8      | Killed Harold
  9058 | D:8      | Found a glowing golden altar of the Shining One.
  9151 | D:8      | Reached XP level 10. HP: 74/74 MP: 22/22
  9236 | D:8      | Found Sesa Xoxoa's Weapon Boutique.
  9648 | D:9      | Got the flail of Blood {vorpal, rF+ Str-4 Dex+4}
  9649 | D:9      | Identified the +6 flail of Blood {vorpal, rF+ Str-4 Dex+4}
                  | (You found it on level 9 of the Dungeon)
  9717 | D:9      | Found a staircase to the Lair.
  9737 | D:9      | Reached skill level 5 in Armour
  9775 | D:9      | Noticed a catoblepas
  9911 | D:9      | Slain by a catoblepas

Levels and vault maps discovered:
D:1:      mrwooster_arrival_statue_3, layout_rooms, amethyst_killhole,
          minmay_lizard_pond
D:2:      minmay_chambers_of_twos, layout_rooms
D:3:      layout_loops_ring, kennysheep_ying_yang,
          grunt_temple_overflow_cloverleaf
D:4:      layout_cave_pools, first_ration
D:5:      layout_basic, serial_shops, nicolae_shop_statue_plus,
          kennysheep_generic_room_11, uniq_grinder
D:6:      layout_loops_corners, serial_shops, nicolae_shop_behind_doors,
          kennysheep_cross_room, uniq_menkaure
D:7:      layout_cave_pools, minmay_temple_entry_junction,
          serial_co_window_serial, co_window_corner_a, co_window_cross_1,
          co_window_paths_b, co_window_of_opportunity_a, co_window_corner_a,
          co_window_paths_a, co_window_of_opportunity_a, co_window_broadway_a,
          co_window_broadway_b, co_window_2corner, co_window_4corner_a,
          co_window_paths_d, glass_columns_b, glass_columns_a, glass_columns_c,
          glass_columns_a, glass_columns_a, enter_bailey_7, grunt_ogre_cave,
          nrook_campfire, uniq_joseph
D:8:      layout_gridville, nicolae_tso_besieged_by_evil, serial_shops,
          nicolae_shop_waterfront, shop,
          nicolae_shop_temple_entry_statues_fountains, uniq_harold
D:9:      layout_basic, lair_entry_dummy, introduction_to_nature_1
Temple:   regret_index_temple_generic_petals

Skill      XL: |  1  2  3  4  5  6  7  8  9 10 |
---------------+-------------------------------+-----
Spellcasting   | 3 4 5 6 7 8 |  8.7
Conjurations   | 4 5 6 7 8 |  8.9
Fighting       | 1 2 3 4 5 |  5.0
Armour         | 1 2 3 4 5 |  5.0
Translocations | 2 3 |  3.1
Dodging        | |  1.5
Stealth        | |  1.5

Action                   |  1- 3 |  4- 6 |  7- 9 | 10-12 || total
-------------------------+-------+-------+-------+-------++-------
Melee: Unarmed           |     4 |       |       |       ||     4
       Dagger            |     6 |     5 |     3 |       ||    14
       Short sword       |       |       |    53 |     2 ||    55
       Flail             |       |       |       |     1 ||     1
 Cast: Magic Dart        |    72 |    36 |    37 |     7 ||   152
       Searing Ray       |     4 |    21 |    82 |    15 ||   122
  Use: Scroll            |       |     7 |     4 |       ||    11
 Stab: Sleeping          |       |       |     1 |       ||     1
Armor: Robe              |     3 |     3 |     1 |       ||     7
       Leather armour    |       |       |    70 |    10 ||    80
Dodge: Dodged            |    22 |    23 |   125 |     9 ||   179

Table legend:
 A = Non-vault XP
 B = Vault XP
 C = Vault XP percentage of total XP
 D = Non-vault monster count
 E = Vault monster count
 F = Vault count percentage of total count
                 A         B        C        D         E       F
            +---------+---------+-------+---------+---------+-------
      Total |    4542 |    2127 |  31.9 |     134 |      64 |  32.3
            +---------+---------+-------+---------+---------+-------
        D:1 |      22 |       5 |  18.5 |      13 |       5 |  27.8
        D:2 |      34 |      14 |  29.2 |      10 |       8 |  44.4
        D:3 |     114 |       0 |   0.0 |      24 |       0 |   0.0
        D:4 |     217 |       0 |   0.0 |       8 |       0 |   0.0
        D:5 |     626 |      43 |   6.4 |      19 |       1 |   5.0
        D:6 |     703 |     165 |  19.0 |      15 |       1 |   6.2
        D:7 |     880 |     617 |  41.2 |      20 |       6 |  23.1
        D:8 |     862 |    1066 |  55.3 |      16 |      10 |  38.5
        D:9 |    1084 |       0 |   0.0 |       9 |       0 |   0.0
     Bailey |       0 |     217 | 100.0 |       0 |      33 | 100.0
            +---------+---------+-------+---------+---------+-------
